 Dungeon Crawl Stone Soup version 0.21.0-3-g78d12a8 (webtiles) character file.

15015 grindst0ne the Fighter (level 11, -3/99 HPs)
             Began as a Demonspawn Hunter on Jan 12, 2018.
             Was an Elder of Ru.
             Slain by a polar bear (6 damage)
             ... in an ice cave.
             The game lasted 00:27:07 (13432 turns).

grindst0ne the Fighter (Demonspawn Hunter)         Turns: 13432, Time: 00:27:08

Health: -3/99      AC: 23    Str: 20    XL:     11   Next: 96%
Magic:  0/11       EV:  8    Int: 13    God:    Ru [****..]
Gold:   57         SH:  0    Dex: 17    Spells: 10/10 levels left

rFire    . . .     SeeInvis +   z - +4 trident "Heiggaj" {speed, rC+ Str+5}
rCold    + . .     Gourm    .   (no shield)
rNeg     . . .     Faith    .   t - +0 plate armour
rPois    +         Spirit   +   F - +1 helmet {SInv}
rElec    +         Reflect  .   w - +2 cloak {+Inv}
rCorr    .         Harm     .   p - +0 pair of gloves
MR       .....                  (no boots)
Stlth    ..........             (no amulet)
HPRegen  0.26/turn              B - ring "Otoh" {rElec rPois}
MPRegen  0.12/turn              A - +3 ring of dexterity

@: no status effects
A: claws 2, icy blue scales 1, magic shield, inability to use devices, unskilled
1
a: Draw Out Power, Power Leap, Renounce Religion


You were in an ice cave.
You worshipped Ru.
Ru was greatly pleased with you.
You were hungry.

You visited 1 branch of the dungeon, and saw 11 of its levels.
You also visited: Ice Cave.

You collected 533 gold pieces.
You spent 476 gold pieces at shops.

Inventory:

Hand Weapons
 y - the +10 dagger of a volcano {protect, rN+ Str+2}
   (You found it on level 5 of the Dungeon)

   It protects the one who uses it against injury (+AC on strike).
   It affects your strength (+2).
   It protects you from negative energy.
 z - the +4 trident "Heiggaj" (weapon) {speed, rC+ Str+5}
   (You found it on level 7 of the Dungeon)

   Attacks with this weapon are significantly faster.
   It affects your strength (+5).
   It protects you from cold.
Missiles
 c - 6 javelins (quivered)
 d - 3 throwing nets
 n - 4 poisoned tomahawks
Armour
 p - a +0 pair of gloves (worn)
 t - a +0 plate armour (worn)
 w - a +2 cloak of invisibility (worn)
 F - a +1 helmet of see invisible (worn)
Jewellery
 u - an uncursed ring of magical power
 A - a +3 ring of dexterity (right hand)
 B - the ring "Otoh" (left hand) {rElec rPois}
   (You bought it in a shop on level 5 of the Dungeon)

   [ring of poison resistance]

   It insulates you from electricity.
   It protects you from poison.
Scrolls
 a - 4 scrolls of fog
 b - a scroll of torment {unknown}
 e - 2 scrolls of amnesia {unknown}
 g - 5 scrolls of teleportation
 i - 3 scrolls of blinking
 k - a scroll of random uselessness {unknown}
 l - a scroll of enchant armour
 q - a scroll of fear
 r - 3 scrolls of remove curse
 x - 2 scrolls of magic mapping
 C - a scroll of immolation {unknown}
Potions
 h - a potion of ambrosia {unknown}
 j - 3 potions of heal wounds
 m - a potion of lignification
 s - 3 potions of haste
 v - a potion of might
 D - 5 potions of curing
 E - 2 potions of flight
Comestibles
 f - 14 rations
 o - 8 chunks of flesh


   Skills:
 + Level 13.7 Fighting
 - Level 3.2 Throwing
 - Level 10.0 Armour
 + Level 2.5 Dodging
 - Level 0.7 Stealth


You had 10 spell levels left.
You didn't know any spells.

Dungeon Overview and Level Annotations

Branches:
Dungeon (11/15)            Temple (0/1) D:4            Lair (0/6) D:10
    Orc (0/2) D:11

Altars:
Fedhas
Makhleb
Qazlal
Ru
Uskayaw
Vehumet
Xom
Yredelemnul
The Shining One

Shops:
D:5 =

Annotations:
D:3 exclusion: downstairs
D:4 exclusion: downstairs


Innate Abilities, Weirdness & Mutations

You have very sharp fingernails.
You are partially covered in icy blue scales. (AC +2)
When hurt, damage is shared between your health and your magic reserves.
You cannot study or use magical devices.
You are somewhat unskilled. (-1 Apt)


Message History

The polar bear is severely wounded.
The polar bear goes berserk!
You puncture the polar bear!
The polar bear is almost dead.
The polar bear bites you!
* * * LOW HITPOINT WARNING * * *
You focus your will and blind the polar bear in retribution!
The polar bear closely misses you.
The polar bear claws you but does no damage.
You hit the polar bear.
The polar bear is almost dead.
The polar bear bites you but does no damage.
The polar bear barely misses you. The polar bear closely misses you.
You barely miss the polar bear.
The polar bear is almost dead.
The polar bear bites you!
* * * LOW HITPOINT WARNING * * *
The polar bear claws you but does no damage. x2
The polar bear bites you.
You die...

..# ..# ..## #### ...##
##..# ## #...#####..##
.. #....##...### ##.# #
#...#..##...#####
##..#...#
#...#######..##.###....#
###.# #..#...@h†#####
### ###########


You could see a polar bear (berserk).

Vanquished Creatures
  Josephine (D:11)
  4 two-headed ogres
  Maurice (D:8)
  3 polar bears (IceCv)
  4 hippogriffs
  Sigmund (D:2)
  3 wraiths
  A wyvern (D:9)
  Eustachio (D:6)
  20 yaks
  6 swamp worms (D:10)
  An orc warrior (D:7)
  3 sky beasts
  3 ice beasts
  2 phantoms
  A hornet zombie (D:9)
  10 ogres
  7 wolves (IceCv)
  3 centaurs
  A big kobold (D:9)
  9 bullfrogs
  4 scorpions
  16 killer bees
  4 wights (D:9)
  A jelly (D:7)
  4 crimson imps
  2 bullfrog zombies
  2 centaur skeletons
  3 hounds
  4 orc priests
  Crazy Yiuf (D:7)
  A gnoll shaman (D:5)
  2 bullfrog skeletons
  Natasha (twice) (D:2)
  An iguana (D:4)
  3 orc wizards
  6 worker ants
  3 hound skeletons
  A worker ant zombie (D:5)
  4 gnolls
  12 adders
  A howler monkey skeleton (D:7)
  5 shadow imps
  2 oozes
  16 worms
  2 dart slugs (D:1)
  3 leopard geckos
  12 orcs
  8 bats
  4 giant cockroaches
  8 goblins
  10 hobgoblins
  16 jackals
  5 quokkas
  4 ball pythons
  10 frilled lizards
  A jackal skeleton (D:4)
  12 kobolds
  2 quokka skeletons
  8 rats
  A spectral orc (D:5)
  A plant (D:10)
292 creatures vanquished.

Vanquished Creatures (others)
  A wraith (D:11)
  A yak (D:10)
  A plant (D:10)
3 creatures vanquished.

Grand Total: 295 creatures vanquished

Notes
Turn   | Place    | Note
-------+----------+-------------------------------------------
     0 | D:1      | grindst0ne the Demonspawn Hunter began the quest for the Orb.
     0 | D:1      | Reached XP level 1. HP: 16/16 MP: 1/1
   264 | D:1      | Gained mutation: You have sharp fingernails. [demonic ancestry]
   264 | D:1      | Reached XP level 2. HP: 23/23 MP: 2/2
   457 | D:1      | Reached skill level 3 in Fighting
   709 | D:1      | Reached XP level 3. HP: 27/29 MP: 3/3
   844 | D:2      | Reached skill level 4 in Fighting
  1069 | D:2      | Found a sacrificial altar of Ru.
  1081 | D:2      | Became a worshipper of Ru the Awakened
  1095 | D:2      | Reached XP level 4. HP: 33/38 MP: 4/4
  1130 | D:2      | Found a shimmering altar of Xom.
  1160 | D:2      | Noticed Natasha
  1166 | D:2      | Killed Natasha
  1369 | D:2      | Noticed Natasha
  1373 | D:2      | Killed Natasha
  1373 | D:2      | Reached skill level 5 in Fighting
  1383 | D:2      | Noticed Sigmund
  1403 | D:2      | Killed Sigmund
  1403 | D:2      | Reached skill level 6 in Fighting
  1403 | D:2      | Reached XP level 5. HP: 29/47 MP: 5/5
  1403 | D:2      | Gained mutation: You are partially covered in icy blue scales. (AC +2) [demonic ancestry]
  1403 | D:2      | Reached XP level 6. HP: 33/53 MP: 6/6
  1529 | D:2      | Found a glowing golden altar of the Shining One.
  1613 | D:2      | Found a stormy altar of Qazlal.
  2345 | D:3      | Reached skill level 7 in Fighting
  2437 | D:3      | Gained mutation: You are somewhat unskilled. (-1 Apt) [Ru sacrifice]
  2437 | D:3      | Reduced skill Fighting to level 6
  2437 | D:3      | Reached * piety under Ru
  2862 | D:4      | Reached skill level 7 in Fighting
  2862 | D:4      | Reached XP level 7. HP: 33/60 MP: 7/7
  3434 | D:4      | Reached skill level 8 in Fighting
  3460 | D:4      | Found a staircase to the Ecumenical Temple.
  3763 | D:5      | Entered Level 5 of the Dungeon
  4072 | D:5      | Gained mutation: When hurt, damage is shared between your health and your magic reserves. [demonic ancestry]
  4072 | D:5      | Reached XP level 8. HP: 30/69 MP: 8/8
  4691 | D:5      | Reached skill level 9 in Fighting
  4785 | D:5      | Found Miacost's Jewellery Shop.
  4888 | D:5      | Reached skill level 1 in Armour
  5170 | D:5      | Found a basalt altar of Yredelemnul.
  5333 | D:5      | Found a burning altar of Makhleb.
  5334 | D:5      | Found a radiant altar of Vehumet.
  5600 | D:6      | Noticed Eustachio
  5670 | D:6      | Killed Eustachio
  5790 | D:6      | Gained mutation: You cannot study or use magical devices. [Ru sacrifice]
  5790 | D:6      | Reached ** piety under Ru
  5790 | D:6      | Reached *** piety under Ru
  5790 | D:6      | Reached **** piety under Ru
  5952 | D:6      | Found a radiant altar of Vehumet.
  5976 | D:6      | Reached skill level 10 in Fighting
  5976 | D:6      | Gained mutation: You have very sharp fingernails. [demonic ancestry]
  5976 | D:6      | Reached XP level 9. HP: 59/78 MP: 7/9
  6653 | D:5      | Got a bloodstained dagger
  6654 | D:5      | Identified the +10 dagger of a volcano {protect, rN+ Str+2} (You found it on level 5 of the Dungeon)
  6910 | D:7      | Got a polished trident
  6913 | D:7      | Identified the +4 trident "Heiggaj" {speed, rC+ Str+5} (You found it on level 7 of the Dungeon)
  7050 | D:7      | Reached skill level 5 in Armour
  7332 | D:7      | Found a blossoming altar of Fedhas.
  7444 | D:7      | Found a runed door.
  7448 | D:7      | Noticed Crazy Yiuf
  7454 | D:7      | Killed Crazy Yiuf
  7990 | D:7      | Reached skill level 11 in Fighting
  8525 | D:8      | Found a hide-covered altar of Uskayaw.
  8525 | D:8      | Noticed a two-headed ogre
  8546 | D:8      | Killed a two-headed ogre
  8546 | D:8      | Reached XP level 10. HP: 72/88 MP: 4/10
  8960 | D:8      | Noticed Maurice
  8984 | D:8      | Killed Maurice
  9440 | D:9      | Found a stormy altar of Qazlal.
  9454 | D:10     | Entered Level 10 of the Dungeon
  9516 | D:10     | Reached skill level 12 in Fighting
  9708 | D:10     | Noticed a two-headed ogre
  9730 | D:10     | Killed a two-headed ogre
  9957 | D:10     | Noticed a two-headed ogre
  9972 | D:10     | Killed a two-headed ogre
 10031 | D:10     | Reached XP level 11. HP: 78/96 MP: 11/11
 11107 | D:10     | Found a staircase to the Lair.
 11240 | D:10     | Noticed a two-headed ogre
 11267 | D:10     | Killed a two-headed ogre
 11678 | D:10     | Reached skill level 13 in Fighting
 12339 | D:5      | Bought the ring "Otoh" {rElec rPois} for 476 gold pieces
 12885 | D:11     | Noticed Josephine
 12896 | D:11     | Killed Josephine
 12920 | D:11     | Found a frozen archway.
 12927 | IceCv    | Entered an ice cave
 13297 | IceCv    | Reached skill level 10 in Armour
 13431 | IceCv    | HP: 3/99 [polar bear (14)]
 13432 | IceCv    | Slain by a polar bear

Skill      XL: |  1  2  3  4  5  6  7  8  9 10 11 |
---------------+----------------------------------+-----
Fighting       | 3 4 6 7 8 10 11 12 13 | 13.7
Armour         | 3 6 8 10 | 10.0
Dodging        | 2 |  2.5
Throwing       | |  3.2
Stealth        | |  0.7

Action                   |  1- 3 |  4- 6 |  7- 9 | 10-12 || total
-------------------------+-------+-------+-------+-------++-------
Melee: Short sword       |    29 |       |       |       ||    29
       Dagger            |    84 |   187 |   507 |       ||   778
       Trident           |       |       |   155 |   774 ||   929
Throw: Javelin           |       |     3 |     4 |       ||     7
       Throwing net      |       |     2 |       |       ||     2
       Tomahawk          |       |       |     2 |       ||     2
Invok: Sacrifice Skill   |       |     1 |       |       ||     1
       Sacrifice Artific |       |       |     1 |       ||     1
       Power Leap        |       |       |     1 |       ||     1
       Reject Sacrifices |       |       |       |     1 ||     1
  Use: Potion            |     1 |     5 |     2 |     1 ||     9
       Scroll            |       |       |     8 |     3 ||    11
 Stab: Distracted        |       |       |     4 |     7 ||    11
       Invisible         |       |       |     1 |     8 ||     9
  Eat: Chunk             |     1 |     5 |    14 |    15 ||    35
       Ration            |       |       |     2 |       ||     2
Armor: Ring mail         |    42 |    89 |    17 |       ||   148
       Plate armour      |       |       |   486 |   437 ||   923
       Skin              |       |       |       |    18 ||    18
Dodge: Dodged            |    86 |   108 |   183 |   212 ||   589
